 Dungeon Crawl Stone Soup version 0.28.0-53-g5a82cb258f (webtiles) character file.

Game seed: 11429021808123716849

1145 quokkamancerX the Grappler (level 8, -17/74 HPs)
             Began as a Troll Monk on June 15, 2022.
             Was a Priest of Okawaru.
             Demolished by Pikel
             ... wielding a +2 whip of electrocution
              (18 damage)
             ... on level 5 of the Dungeon.
             The game lasted 00:15:00 (5745 turns).

quokkamancerX the Grappler (Troll Monk)             Turns: 5745, Time: 00:15:00

Health: -17/74     AC:  4    Str: 22    XL:     8   Next: 15%
Magic:  5/7        EV: 12    Int:  6    God:    Okawaru [***...]
Gold:   182        SH:  0    Dex: 12    Spells: 7/7 levels left

rFire   . . .      SeeInvis .     - Unarmed
rCold   . . .      Faith    .   (no shield)
rNeg    . . .      Spirit   .   a - +0 robe
rPois   .          Reflect  .   (helmet restricted)
rElec   .          Harm     .   (no cloak)
rCorr   .          Rampage  .   (gloves unavailable)
Will    .....                   (boots unavailable)
Stlth   +++.......              (no amulet)
HPRegen 1.02/turn               (no ring)
MPRegen 0.10/turn               (no ring)

@: heroic
A: large, unfitting armour, claws 3, regeneration 1, shaggy fur 1, tough skin 1
a: Renounce Religion, Heroism


You were on level 5 of the Dungeon.
You worshipped Okawaru.
Okawaru was most pleased with you.
You visited 1 branch of the dungeon, and saw 5 of its levels.

You collected 182 gold pieces.

Inventory:

Missiles
 q - 3 javelins (quivered)
Armour
 a - a +0 robe (worn)
Wands
 p - a wand of digging (5)
Scrolls
 j - a scroll of blinking
 k - 3 scrolls of immolation {unknown}
 n - a scroll of enchant weapon {unknown}
 r - a scroll of fog {unknown}
 W - 2 scrolls of enchant armour
Potions
 b - a potion of might
 c - a potion of haste {unknown}
 d - a potion of curing
 e - a potion of ambrosia {unknown}
 f - 2 potions of invisibility {unknown}
 g - 2 potions of lignification
 l - a potion of heal wounds {unknown}
 m - a potion of mutation {unknown}
 s - a potion of cancellation {unknown}
 t - a potion of magic {unknown}


   Skills:
 - Level 2.4(7.4) Fighting
 - Level 2.4(7.4) Dodging
 - Level 1.0(6.0) Stealth
 + Level 10.2(15.2) Unarmed Combat


You had 7 spell levels left.
You didn't know any spells.
Your spell library contained the following spells:

 Spells                   Type           Power      Damage    Failure   Level
 Sting                    Tmut/Pois      0%         1d3       45%         1
 Ensorcelled Hibernation  Hex/Ice        0%         N/A       58%         2
 Poisonous Vapours        Pois/Air       0%         N/A       58%         2
 Sublimation of Blood     Necr           0%         N/A       58%         2
 Confusing Touch          Hex            0%         N/A       83%         3
 Frozen Ramparts          Ice            0%         1d2       83%         3
 Spider Form              Tmut/Pois      0%         N/A       83%         3
 Anguish                  Hex/Necr       0%         N/A       99%         4
 Ice Form                 Ice/Tmut       0%         N/A       99%         4
 Olgreb's Toxic Radiance  Pois           0%         N/A       99%         4
 Petrify                  Tmut/Erth      0%         N/A       99%         4
 Irradiate                Conj/Tmut      0%         3d14      100%        5
 Yara's Violent Unravell  Hex/Tmut       0%         3d3       100%        5
 Enfeeble                 Hex            0%         N/A       100%        7
 Summon Small Mammal      Summ           Unusable   N/A       N/A         1
 Call Canine Familiar     Summ           Unusable   N/A       N/A         3
 Summon Guardian Golem    Hex/Summ       Unusable   N/A       N/A         3
 Summon Ice Beast         Ice/Summ       Unusable   N/A       N/A         4

Dungeon Overview and Level Annotations

Branches:
Dungeon (5/15)
 Temple: D:4-7

Altars:
Okawaru
Zin

Annotations:
D:5 Pikel


Innate Abilities, Weirdness & Mutations

You are too large for most types of armour.
You have claws for hands.
Your natural rate of healing is unusually fast.
You are covered in fur. (AC +1)
You have tough skin. (AC +1)


Message History

There is an open door here.
The lemure hits you.
There is an open door here.
The adder hisses angrily.
The lemure completely misses you. Pikel closely misses you.
The lemure closely misses you.
You closely miss Pikel.
Pikel hits you with a +2 whip of electrocution!
You gain the combat prowess of a mighty hero.
The adder barely misses you. The lemure hits you. Pikel barely misses you.
The adder bites you.
You barely miss Pikel. The lemure hits you. The lemure misses you.
The adder bites you but does no damage.
Pikel hits you with a +2 whip of electrocution!
You are electrocuted!!
You mangle Pikel!!
Pikel is heavily wounded.
The lemure hits you. x2; The adder closely misses you.
You closely miss Pikel.
Pikel is heavily wounded.
Pikel hits you with a +2 whip of electrocution!
* * * LOW HITPOINT WARNING * * *
You are electrocuted!
* * * LOW HITPOINT WARNING * * *
The adder barely misses you.
As you read the scroll labelled SETIOD KIBRIACW, it crumbles to dust.
Wisps of shadow whirl around you...
The shadows disperse without effect.
It was a scroll of summoning.
The lemure barely misses you. The lemure misses you.
Pikel says, "You'll make a fine lemure."
Pikel barely misses you. The lemure hits you.
* * * LOW HITPOINT WARNING * * *
The adder bites you but does no damage.
You feel better. The lemure closely misses you. The lemure hits you.
* * * LOW HITPOINT WARNING * * *
The adder barely misses you.
Pikel hits you with a +2 whip of electrocution!
* * * LOW HITPOINT WARNING * * *
You are electrocuted!!
You die...

#.......# #...
#.......# #...
#.......########...
#...............#'#
#.............#....
#......5......'....
##5#####......###..
#55...#....######'
#@5...'....'......
#KS...#....#......
#.....#....#..####
#.....#....#..#...
#.....#....#..#...
#.....#....####...
#.....#...........
#.....#...........
#........###


You could see Pikel, 4 lemures and an adder.

Vanquished Creatures
  A sky beast (D:5)
  2 necrophages
  3 phantoms
  2 scorpions
  A hound (D:4)
  An iguana (D:4)
  6 orc wizards
  Natasha (thrice) (D:2)
  A hound skeleton (D:4)
  4 gnolls
  5 adders
  A shadow imp (D:5)
  A white imp (D:5)
  4 worms
  2 dart slugs (D:2)
  23 orcs
  10 ball pythons
  8 endoplasms
  2 giant cockroaches (D:3)
  12 hobgoblins
  10 jackals
  9 kobolds
  A quokka (D:1)
  9 bats
  5 frilled lizards
  8 goblins
  A jackal skeleton (D:4)
  3 rats
138 creatures vanquished.

Notes
Turn   | Place    | Note
-------+----------+-------------------------------------------
     0 | D:1      | quokkamancerX the Troll Monk began the quest for the Orb.
     0 | D:1      | Reached XP level 1. HP: 22/22 MP: 0/0
   135 | D:1      | Reached XP level 2. HP: 29/29 MP: 1/1
   298 | D:1      | Found a faded altar of an unknown god.
   346 | D:1      | Reached skill level 4 in Unarmed Combat
   616 | D:1      | Reached XP level 3. HP: 36/36 MP: 2/2
  1515 | D:2      | Reached XP level 4. HP: 44/44 MP: 3/3
  1704 | D:2      | Noticed Natasha
  1715 | D:2      | Killed Natasha
  1716 | D:2      | Reached skill level 5 in Unarmed Combat
  2124 | D:2      | Noticed Natasha
  2132 | D:2      | Killed Natasha
  2442 | D:2      | Noticed Natasha
  2452 | D:2      | Killed Natasha
  2453 | D:2      | Reached XP level 5. HP: 44/50 MP: 4/4
  2626 | D:3      | Found an iron altar of Okawaru.
  2626 | D:3      | Found a glowing silver altar of Zin.
  2652 | D:3      | Became a worshipper of Warmaster Okawaru
  2652 | D:3      | Reached * piety under Okawaru
  2652 | D:3      | Reached ** piety under Okawaru
  2708 | D:3      | Reached skill level 6 in Unarmed Combat
  3812 | D:4      | Noticed a phantom
  3832 | D:4      | Killed a phantom
  3833 | D:4      | Reached skill level 7 in Unarmed Combat
  3833 | D:4      | Reached XP level 6. HP: 50/59 MP: 5/5
  4263 | D:4      | Reached skill level 8 in Unarmed Combat
  4263 | D:4      | Reached XP level 7. HP: 65/66 MP: 3/6
  4647 | D:5      | Entered Level 5 of the Dungeon
  4832 | D:5      | Reached *** piety under Okawaru
  4894 | D:5      | Reached skill level 9 in Unarmed Combat
  5048 | D:5      | Reached XP level 8. HP: 62/74 MP: 4/7
  5405 | D:5      | Reached skill level 10 in Unarmed Combat
  5728 | D:5      | Noticed Pikel
  5744 | D:5      | HP: 3/74 [lemure[Pikel] (5)]
  5745 | D:5      | HP: 1/74 [Pikel/+2 whip of electrocution (7)]
  5745 | D:5      | Demolished by Pikel

Illustrated notes

Levels and vault maps discovered:
D:1:      saegor_arrival_simple_a, layout_loops_ring,
          shapermc_ecumenical_altar_pompeii, grunt_decor_mini_mirrors,
          minivault_25, minmay_misc_feat_pillars, moated_statue,
          minmay_pentomino_r4
D:2:      layout_basic, uniq_natasha
D:3:      layout_loops_corners, jmf_multi_god_temple, serial_park_tiny_1,
          roderic_lattice_a
D:4:      layout_rooms, minmay_goblin_outpost
D:5:      layout_gridville, uniq_pikel

Skill      XL: |  1  2  3  4  5  6  7  8 |
---------------+-------------------------+-----
Unarmed Combat | 4 5 7 8 9 10 | 10.2
Fighting       | |  2.4
Dodging        | |  2.4
Stealth        | |  1.0

Action                   |  1- 3 |  4- 6 |  7- 9 || total
-------------------------+-------+-------+-------++-------
Melee: Unarmed           |    98 |   153 |    86 ||   337
       Punch             |     3 |     6 |       ||     9
Throw: Javelin           |       |     4 |     1 ||     5
       Dart              |       |       |     6 ||     6
Invok: Heroism           |       |     1 |     2 ||     3
  Use: Scroll            |       |     1 |     4 ||     5
       Potion            |       |       |     1 ||     1
 Stab: Sleeping          |     3 |     1 |       ||     4
Armor: Robe              |    26 |    23 |    29 ||    78
Dodge: Dodged            |    50 |    59 |    47 ||   156
